 Dungeon Crawl Stone Soup version 0.28.0-1-gb440e238dd (webtiles) character file.

Game seed: 12551279317718862120

23 issech the Cudgeller (level 2, 0/29 HPs)
             Began as a Troll Monk on Feb 23, 2022.
             Slain by Natasha (9 damage)
             ... on level 2 of the Dungeon.
             The game lasted 00:03:30 (1057 turns).

issech the Cudgeller (Troll Monk)                   Turns: 1057, Time: 00:03:30

Health: 0/29       AC:  4    Str: 18    XL:     2   Next: 75%
Magic:  1/1        EV: 10    Int:  6    God:
Gold:   36         SH:  0    Dex: 12    Spells: 1/1 levels left

rFire   . . .      SeeInvis .   a - +0 mace
rCold   . . .      Faith    .   (no shield)
rNeg    . . .      Spirit   .   b - +0 robe
rPois   .          Reflect  .   (helmet restricted)
rElec   .          Harm     .   (no cloak)
rCorr   .          Rampage  .   (gloves unavailable)
Will    .....                   (boots unavailable)
Stlth   ++........              (no amulet)
HPRegen 0.89/turn               (no ring)
MPRegen 0.07/turn               (no ring)

@: no status effects
A: large, unfitting armour, claws 3, regeneration 1, shaggy fur 1, tough skin 1
a: no special abilities


You were on level 2 of the Dungeon.
You visited 1 branch of the dungeon, and saw 2 of its levels.

You collected 36 gold pieces.

Inventory:

Hand Weapons
 a - a +0 mace (weapon)
Missiles
 d - 22 stones (quivered)
 f - 2 curare-tipped darts
 i - 2 boomerangs
Armour
 b - a +0 robe (worn)
Scrolls
 c - a scroll of amnesia {unknown}
 g - a scroll of vulnerability {unknown}
 h - a scroll of identify {unknown}
Potions
 e - a potion of degeneration {unknown}
 j - a potion of lignification {unknown}


   Skills:
 + Level 2.6 Fighting
 + Level 3.1 Maces & Flails
 + Level 2.7 Dodging
 + Level 1.1 Stealth


You had one spell level left.
You didn't know any spells.
Your spell library was empty.

Dungeon Overview and Level Annotations

Branches:
Dungeon (2/15)

Altars:

Annotations:
D:2 Natasha


Innate Abilities, Weirdness & Mutations

You are too large for most types of armour.
You have claws for hands.
Your natural rate of healing is unusually fast.
You are covered in fur. (AC +1)
You have tough skin. (AC +1)


Message History

i - 2 boomerangs You see here a +0 hand axe.
You see here a +0 hand axe.
There is an open door here.
There is an open door here.
Partly explored, can't reach some items.
There is a stone staircase leading down here.
You climb downwards.
Found a stone staircase leading down.
There is a stone staircase leading up here.
There is a stone staircase leading up here.
Found a fuming red potion.
Found a flail.
j - a fuming red potion Natasha, Servant of Life and Death comes into view.
Natasha hisses angrily.
You hear a shout!
A kobold comes into view. It is wielding a +0 short sword.
Natasha mewls in sadness.
Natasha drinks a potion.
Natasha seems to grow stronger.
Found a potion of might.
A rat comes into view.
You see here a +0 flail.
Natasha claws you but does no damage.
You closely miss Natasha. Natasha claws you. x2
You barely miss Natasha. Natasha claws you.
You barely miss Natasha. Natasha claws you!
You hit Natasha but do no damage.
Natasha wildly gestures.
Natasha's front paws start to glow.
Natasha mumbles some strange words.
You hit Natasha.
Natasha is heavily wounded.
Natasha mumbles some strange words.
Natasha claws you!
* * * LOW HITPOINT WARNING * * *
You closely miss Natasha.
Natasha is heavily wounded.
The crimson imp hits you but does no damage.
Natasha claws you!
You die...

.... #########.##
#######...........
#.......#.#####<##
#.#####...# #...
#.# ##### ####
#######.######
.....Kh55....#
#.#####@.##..#
#)..# #
r............#
#.###r.........
..........##
##...........
#.........##
##........#
.........#


You could see Natasha (strong), a crimson imp (summoned), a shadow imp
(summoned), a kobold and a rat.

Vanquished Creatures
  2 bats (D:1)
  2 endoplasms (D:1)
  2 giant cockroaches (D:1)
  2 hobgoblins (D:1)
  2 jackals (D:1)
  8 ball pythons (D:1)
  A kobold (D:1)
  2 rats (D:1)
21 creatures vanquished.

Notes
Turn   | Place    | Note
-------+----------+-------------------------------------------
     0 | D:1      | issech the Troll Monk began the quest for the Orb.
     0 | D:1      | Reached XP level 1. HP: 22/22 MP: 0/0
   142 | D:1      | Found a faded altar of an unknown god.
   249 | D:1      | Reached XP level 2. HP: 29/29 MP: 1/1
   559 | D:1      | Reached skill level 3 in Maces & Flails
  1047 | D:2      | Noticed Natasha
  1056 | D:2      | Noticed a crimson imp
  1057 | D:2      | Slain by Natasha

Illustrated notes

Levels and vault maps discovered:
D:1:      minmay_arrival_three_doors, layout_loops_cross,
          nicolae_ecumenical_snake_handling, corexii_item_surrounded_by_moat,
          minmay_misc_feat_roman, minmay_misc_feat_alley,
          grunt_decor_resistance, st_stairs_6, minmay_domino_2
D:2:      layout_loops_ring, serial_shops, shop, uniq_natasha

Skill      XL: |  1  2 |
---------------+-------+-----
Maces & Flails | 3 |  3.1
Fighting       | |  2.6
Dodging        | |  2.7
Stealth        | |  1.1

Action                   || total
-------------------------++-------
Melee: Mace              ||    80
 Stab: Sleeping          ||     1
Armor: Robe              ||    56
Dodge: Dodged            ||    70
